 Dungeon Sprint DCSS version 0.26-a0-651-gb41185065b (webtiles) character file.

Game seed: 5588515179696668863

7103 sahdkjhfkaj the Severer (level 11, -3/107 HPs)
             Began as a Hill Orc Fighter on Sept 29, 2020.
             Was an Elder of Beogh.
             Slain by a death yak (22 damage)
             ... in the Dungeon (Sprint IX: "|||||||||||||||||||||||||||||").
             The game lasted 00:03:06 (1989 turns).

sahdkjhfkaj the Severer (Hill Orc Fighter)          Turns: 1989, Time: 00:03:06

Health: -3/107     AC: 15    Str: 26    XL:     11   Next: 10%
Magic:  15/20      EV:  8    Int:  8    God:    Beogh [****..]
Gold:   0          SH: 13    Dex: 13    Spells: 10/10 levels left

rFire    . . .     SeeInvis .   o - +3 war axe (vorpal)
rCold    . . .     Faith    .   c - +0 kite shield
rNeg     . . .     Spirit   .   p - +1 chain mail
rPois    .         Reflect  .   (no helmet)
rElec    .         Harm     .   (no cloak)
rCorr    .         Rampage  .   a - +0 pair of gloves
MR       .....     NoTele   +   (no boots)
Stlth    ..........             (no amulet)
HPRegen  0.27/turn              b - +3 ring of dexterity
MPRegen  0.17/turn              q - +3 ring of strength

@: hasted, very quick
A: no striking features
a: Smiting, Recall Orcish Followers, Renounce Religion


You were in the Dungeon.
You worshipped Beogh.
Beogh was greatly pleased with you.
You visited 1 branch

Inventory:

Hand Weapons
 o - a +3 vorpal war axe (weapon)
Armour
 a - a +0 pair of gloves (worn)
 c - a +0 kite shield (worn)
 p - a +1 chain mail (worn)
Jewellery
 b - a +3 ring of dexterity (left hand)
 q - a +3 ring of strength (right hand)
Wands
 n - a wand of iceblast (3)
Scrolls
 j - 4 scrolls of blinking
 l - 4 scrolls of remove curse
 m - 2 scrolls of amnesia
 r - 2 scrolls of fog
Potions
 d - 2 potions of might
 e - a potion of invisibility
 f - 6 potions of heal wounds
 g - a potion of haste
 h - 3 potions of magic
 i - a potion of berserk rage
 k - 4 potions of curing


   Skills:
 + Level 13.6 Fighting
 - Level 18.0 Axes
 + Level 12.5 Armour
 + Level 12.4 Shields
 + Level 13.2 Invocations


You had 10 spell levels left.
You didn't know any spells.
Your spell library was empty.

Dungeon Overview and Level Annotations

Branches:
Dungeon (1/1)

Altars:
Cheibriados
Dithmenos
Elyvilon
Fedhas
Gozag
Hepliaklqana
Kikubaaqudgha
Makhleb
Nemelex Xobeh
Okawaru
Qazlal
Ru
Sif Muna
Trog
Uskayaw
Vehumet
Wu Jian
Xom
Yredelemnul
Zin
The Shining One
Beogh
Jiyva
Lugonu


Message History

The death yak is lightly wounded.
You block the death yak's attack.
You hit the death yak but do no damage.
The death yak is lightly wounded.
You completely miss the death yak.
The death yak is lightly wounded.
The death yak gores you.
* * * LOW HITPOINT WARNING * * *
You slice the death yak!!
The death yak is heavily wounded.
You slash the death yak!
The death yak is heavily wounded.
The death yak gores you!
* * * LOW HITPOINT WARNING * * *
You slash the death yak!
The death yak is severely wounded.
You hit the death yak.
The death yak is severely wounded.
The death yak gores you!!
You die...

▓÷▓.▓_▓
▓.▓.▓_▓
▓.▓.▓_▓
▓.▓.▓_▓
▓.▓.▓_▓
▓.▓.▓_▓
▓.▓.▓_▓
▓.▓.▓_▓
▓@▓.▓_▓
▓Y▓.▓_▓
▓Y▓.▓_▓
▓Y▓.▓_▓
▓Y▓.▓_▓
▓Y▓.▓_▓
▓.▓.▓_▓
▓.▓.▓_▓
▓.▓.▓_▓


You could see 4 death yaks and a yak.

Vanquished Creatures
  A hydra (D)
  3 catoblepae (D)
  A skeletal warrior (D)
  A cyclops (D)
  An oklob plant (D)
  A black mamba (D)
  A black mamba (shapeshifter) (D)
  A cane toad (D)
  A komodo dragon (D)
  An efreet (D)
  A hippogriff (D)
  A blink frog (D)
  A yak (D)
  3 water moccasins (D)
  3 porcupines (D)
  A black bear (D)
  2 ogres (D)
  2 crocodiles (D)
  A bullfrog (D)
  2 scorpions (D)
  2 hounds (D)
  An adder zombie (D)
  A dart slug (D)
  3 orcs (D)
  2 bats (D)
  A hobgoblin (D)
  2 ball pythons (D)
  A jackal skeleton (D)
42 creatures vanquished.

Vanquished Creatures (others)
  A giant cockroach zombie (D)
1 creature vanquished.

Grand Total: 43 creatures vanquished

Notes
Turn   | Place    | Note
-------+----------+-------------------------------------------
     0 | D        | sahdkjhfkaj the Hill Orc Fighter began the quest for the
                  | Orb.
     0 | D        | Reached XP level 1. HP: 19/19 MP: 1/1
     8 | D        | Reached skill level 3 in Axes
    18 | D        | Reached skill level 4 in Axes
    21 | D        | Reached XP level 2. HP: 22/27 MP: 2/2
    75 | D        | Noticed an ogre
    92 | D        | Reached skill level 5 in Fighting
    92 | D        | Reached skill level 5 in Axes
    92 | D        | Reached XP level 3. HP: 24/36 MP: 3/3
   103 | D        | Killed an ogre
   103 | D        | Reached skill level 8 in Axes
   103 | D        | Reached skill level 5 in Armour
   103 | D        | Reached skill level 5 in Shields
   103 | D        | Reached XP level 4. HP: 11/44 MP: 4/4
   103 | D        | Reached XP level 5. HP: 12/50 MP: 5/5
   113 | D        | Found a roughly hewn altar of Beogh.
   113 | D        | Found a snail-covered altar of Cheibriados.
   113 | D        | Found a shadowy altar of Dithmenos.
   113 | D        | Found a white marble altar of Elyvilon.
   113 | D        | Found a blossoming altar of Fedhas.
   113 | D        | Found an opulent altar of Gozag.
   114 | D        | Found a hazy altar of Hepliaklqana.
   115 | D        | Found a viscous altar of Jiyva.
   341 | D        | Became a worshipper of Beogh the Brigand
   342 | D        | Found an ancient bone altar of Kikubaaqudgha.
   343 | D        | Found a corrupted altar of Lugonu.
   344 | D        | Found a burning altar of Makhleb.
   345 | D        | Found a sparkling altar of Nemelex Xobeh.
   346 | D        | Found an iron altar of Okawaru.
   347 | D        | Found a stormy altar of Qazlal.
   348 | D        | Found a sacrificial altar of Ru.
   349 | D        | Found a shimmering blue altar of Sif Muna.
   350 | D        | Found a bloodstained altar of Trog.
   351 | D        | Found a hide-covered altar of Uskayaw.
   352 | D        | Found a radiant altar of Vehumet.
   353 | D        | Found an ornate altar of the Wu Jian Council.
   354 | D        | Found a shimmering altar of Xom.
   355 | D        | Found a basalt altar of Yredelemnul.
   356 | D        | Found a glowing silver altar of Zin.
   357 | D        | Found a glowing golden altar of the Shining One.
   400 | D        | Noticed an ogre
   404 | D        | Reached skill level 1 in Invocations
   407 | D        | Killed an ogre
   407 | D        | Reached skill level 9 in Axes
   407 | D        | Reached XP level 6. HP: 59/60 MP: 5/8
   409 | D        | Reached * piety under Beogh
   420 | D        | Reached skill level 10 in Axes
   421 | D        | Reached ** piety under Beogh
   550 | D        | Noticed a skeletal warrior
   550 | D        | Noticed a cyclops
   550 | D        | Noticed a black mamba
   550 | D        | Noticed an efreet
   556 | D        | Killed a skeletal warrior
   556 | D        | Reached skill level 13 in Axes
   556 | D        | Reached XP level 7. HP: 48/70 MP: 6/12
   556 | D        | Reached XP level 8. HP: 53/78 MP: 6/13
   569 | D        | Killed a cyclops
   569 | D        | Reached skill level 10 in Fighting
   573 | D        | Killed a black mamba
   573 | D        | Reached skill level 14 in Axes
   577 | D        | Killed an efreet
   577 | D        | Reached XP level 9. HP: 37/86 MP: 0/16
   964 | D        | Noticed a black mamba
   969 | D        | Reached *** piety under Beogh
   970 | D        | Noticed a komodo dragon
   976 | D        | Killed a black mamba
   976 | D        | Reached skill level 15 in Axes
   976 | D        | Reached skill level 10 in Armour
   980 | D        | Reached skill level 10 in Shields
   980 | D        | Reached skill level 10 in Invocations
   984 | D        | Reached **** piety under Beogh
   996 | D        | Killed a komodo dragon
   996 | D        | Reached skill level 16 in Axes
  1260 | D        | Noticed an oklob plant
  1261 | D        | Noticed a six-headed hydra
  1262 | D        | Reached XP level 10. HP: 97/97 MP: 18/18
  1269 | D        | Noticed a cane toad
  1634 | D        | Killed an oklob plant
  1634 | D        | Reached ***** piety under Beogh
  1674 | D        | Killed a six-headed hydra
  1674 | D        | Reached skill level 17 in Axes
  1690 | D        | Killed a cane toad
  1741 | D        | Noticed a catoblepas
  1741 | D        | Noticed a death yak
  1741 | D        | Noticed a death yak
  1741 | D        | Noticed a catoblepas
  1741 | D        | Noticed a death yak
  1744 | D        | Noticed a death yak
  1757 | D        | Killed a catoblepas
  1757 | D        | Reached skill level 18 in Axes
  1758 | D        | Noticed a catoblepas
  1974 | D        | Killed a catoblepas
  1980 | D        | Killed a catoblepas
  1980 | D        | Reached XP level 11. HP: 37/107 MP: 17/20
  1989 | D        | Slain by a death yak

Illustrated notes

Levels and vault maps discovered:
D:        linesprint [early_d, line_temple, items_1, d_10, items_2, lair_1,
          lair_end, items_3, orc_1, orc_end, items_4, d_15, swamp_1, shoals_1,
          snake_1, spider_1, d_20, vaults_1, items_5, swamp_end, shoals_end,
          snake_end, spider_end, vaults_end, d_27, items_6, zot_1, zot_end,
          crypt_end, forest_end, elf_end, slime_end, tomb_end, abyss_end,
          pan_hell_end]

Skill      XL: |  1  2  3  4  5  6  7  8  9 10 |
---------------+-------------------------------+-----
Axes           | 4 5 8 9 13 14 16 18 | 18.0
Fighting       | 4 5 6 7 9 10 11 13 | 13.6
Armour         | 4 5 6 8 9 10 12 | 12.5
Shields        | 4 5 6 8 9 10 12 | 12.4
Invocations    | 3 7 9 10 13 | 13.2

Action                   |  1- 3 |  4- 6 |  7- 9 | 10-12 || total
-------------------------+-------+-------+-------+-------++-------
Melee: War axe           |    43 |    21 |    53 |    30 ||   147
Invok: Smiting           |       |     1 |     6 |    15 ||    22
Evoke: Wand              |       |     4 |       |     3 ||     7
  Use: Potion            |     2 |       |     2 |     2 ||     6
Armor: Scale mail        |    19 |     2 |       |       ||    21
       Chain mail        |       |     1 |    10 |    15 ||    26
Dodge: Dodged            |    15 |     5 |     8 |     8 ||    36
Block: Kite shield       |    15 |     9 |    23 |    16 ||    63

Table legend: (Time is in decaauts)
 A = Elapsed time spent in this place.
 B = Non-inter-level travel time spent in this place.
 C = Inter-level travel time spent in this place.
 D = Time resting spent in this place.
 E = Time spent auto-exploring this place.
 F = Levels seen in this place.
 G = Mean time per level.
                   A        B        C        D        E       F      G
               +--------+--------+--------+--------+--------+-----+--------+
         Total |   1986 |   1986 |      0 |    610 |   1064 |   1 | 1986.0 |
       Dungeon |   1986 |   1986 |      0 |    610 |   1064 |   1 | 1986.0 |
               +--------+--------+--------+--------+--------+-----+--------+

Top non-repeatable levels by time:
       D: 1986 daAuts
